 Dungeon Crawl Stone Soup version 0.17-a0-2122-g03d97ec (webtiles) character file.

11683 Ordo the Cleaver (level 11, -8/92 HPs)
             Began as a Demonspawn Wanderer on Oct 21, 2015.
             Was a High Priest of Okawaru.
             Mangled by a hill giant
             ... wielding a +0 giant club
              (13 damage)
             ... on level 11 of the Dungeon.
             The game lasted 00:27:13 (10530 turns).

Ordo the Cleaver (Demonspawn Wanderer)             Turns: 10530, Time: 00:27:13

Health: -8/92      AC: 28    Str: 14    XL:     11   Next: 52%
Magic:  11/11      EV:  3    Int: 18    God:    Okawaru [*****.]
Gold:   937        SH:  0    Dex: 12    Spells: 0 memorised, 10 levels left

rFire  + . .     SeeInvis .     U - +2 battleaxe
rCold  + . .     Clarity  .     R - +0 plate armour
rNeg   + . .     SustAt   .     (no shield)
rPois  +         Gourm    .     C - +0 helmet
rElec  .         Spirit   .     M - +2 cloak {+Inv}
rCorr  .         Warding  +     r - +1 pair of gloves
rMut   .         Stasis   .     H - +5 pair of boots "Purielly" {MR++}
MR     ++...                    Q - amulet of warding
Stlth  ..........               w - ring of protection from fire
                                y - ring of protection from cold

@: very resistant to hostile enchantments, extremely unstealthy
A: hooves 2, iridescent scales 2, agile 1, clever 1, demonic guardian 1, poison
resistance, powered by death 1, weak 1
a: Heroism, Finesse, Renounce Religion, Evoke Invisibility


You were on level 11 of the Dungeon.
You worshipped Okawaru.
Okawaru was extremely pleased with you.
You were hungry.

You visited 1 branch of the dungeon, and saw 11 of its levels.
You also visited: Sewer.

You collected 937 gold pieces.

Inventory:

Hand Weapons
 a - a +3 falchion
 k - a +0 blowgun
 z - a +0 hand axe
 K - a +0 war axe
 U - a +2 battleaxe (weapon)
Missiles
 s - 19 poisoned needles
Armour
 d - a +0 robe
 h - a +1 ring mail
 r - a +1 pair of gloves (worn)
 C - a +0 helmet (worn)
 H - the +5 pair of boots "Purielly" (worn) {MR++}
   (You found it on level 7 of the Dungeon)

   It affects your resistance to hostile enchantments.
 J - a +0 pair of gloves
 L - a +0 scale mail
 M - a +2 cloak of invisibility (worn)
 R - a +0 plate armour (worn)
Jewellery
 b - an uncursed amulet of resist corrosion
 f - an uncursed ring of see invisible
 t - an uncursed ring of poison resistance
 w - a ring of protection from fire (right hand)
 y - a ring of protection from cold (left hand)
 O - a -2 ring of evasion
 Q - an amulet of warding (around neck)
Wands
 E - a wand of teleportation (5)
 I - a wand of lightning (0)
 T - a wand of random effects (25)
 V - a wand of lightning (5)
Scrolls
 g - 3 scrolls of fear
 i - 2 scrolls of recharging
 l - 4 scrolls of remove curse
 m - 7 scrolls of identify
 n - 2 scrolls of enchant armour
 A - 3 scrolls of enchant weapon
 B - 5 scrolls of teleportation
 F - a scroll of blinking
Potions
 c - 3 potions of curing
 j - 2 potions of might
 o - 3 potions of haste
 p - 3 potions of heal wounds
 u - 2 potions of invisibility {unknown}
 N - a potion of resistance
 P - a potion of degeneration {unknown}
Books
 G - a book of Fire

   Spells                             Type                      Level
   a - Ignite Poison                  Fire/Transmutation/Poison    3
   b - Fireball                       Conjuration/Fire             5
   c - Bolt of Fire                   Conjuration/Fire             6
   d - Delayed Fireball               Conjuration/Fire             7
   e - Ring of Flames                 Charms/Fire                  7
Miscellaneous
 S - a plain deck of summoning {drawn: 1}
Comestibles
 e - 9 bread rations
 q - 7 meat rations
 v - 14 fruits
 x - 2 royal jellies
 D - 8 beef jerkies
 W - 2 chunks of flesh


   Skills:
 - Level 10.6 Fighting
 - Level 1.0 Long Blades
 + Level 14.0 Axes
 - Level 1.0 Throwing
 - Level 1.0 Armour
 - Level 1.0 Dodging
 - Level 1.0 Stealth


You had 10 spell levels left.
You didn't know any spells.

Dungeon Overview and Level Annotations

Branches:
Dungeon (11/15)            Temple (0/1) D:7            Lair (0/8) D:11
    Orc (0/4) D:10

Altars:
Ashenzari
Cheibriados
Dithmenos
Elyvilon
Fedhas
Gozag
Okawaru
Qazlal
Sif Muna
Vehumet
Xom
Yredelemnul

Shops:
D:11 %

Annotations:
D:8 Psyche


Innate Abilities, Weirdness & Mutations

You have hoof-like feet.
You are mostly covered in iridescent scales (AC +6).
A weak demonic guardian rushes to your aid.
You regenerate a little health from kills.
You are agile. (Dex +2)
Your mind is acute. (Int +2)
Your system is resistant to poisons.
You are weak. (Str -2)


Message History

You are too injured to fight recklessly!
Your plate armour prevents you from hitting the electric eel.
The electric eel is almost dead.
Your plate armour prevents you from hitting the hill giant.
The hill giant is lightly wounded.
Your ufetubus hits the electric eel. Your ufetubus misses the electric eel.
The electric eel shoots out a bolt of lightning at you!
The bolt of electricity hits you!
* * * LOW HITPOINT WARNING * * *
You hit the electric eel but do no damage.
The electric eel is almost dead.
You slash the hill giant!
The hill giant is moderately wounded.
Your ufetubus closely misses the electric eel.
Your ufetubus hits the electric eel.
The electric eel dies!
Okawaru accepts your kill.
You hear a splash.
The hill giant hits you with a giant club!
You die...

## #..###..# #
#....#..#..≈≈#.. #
#....#..#..≈≈#.. #
#....#..#P.≈≈'.
#####....#..#..≈≈'.
.........#.##..≈≈C
.........#.# #.≈C#
.........#.# #.†C#
##########.#
#5@####
...........#
#.≈≈≈≈#
.<.........#
#5≈≈≈≈#
#..........#
#.≈≈≈≈##
#..........##
#..≈≈≈.#
#.##.##.....#
#..≈≈≈##
......#.)...#
#...≈≈#
......+.....#
#.....#
......#.)[..#
#.....#


You could see 3 hill giants, a friendly white imp and a friendly ufetubus.

Vanquished Creatures
  A hill giant (D:11)
  Pikel (D:4)
  An ugly thing (D:11)
  2 centaur skeletons (D:10)
  A fire drake (D:11)
  3 trolls
  A wyvern (D:5)
  15 yaks
  A water elemental (D:11)
  A wraith (D:10)
  A deep elf mage (D:10)
  3 hippogriffs
  Menkaure (D:5)
  A hungry ghost (D:9)
  5 ice beasts
  2 slaves (D:4)
  A necrophage (D:11)
  4 sky beasts
  2 orc warriors
  2 phantoms (D:10)
  7 ogres
  2 centaurs
  3 big kobolds (Sewer)
  4 giant frogs
  A wyvern zombie (D:6)
  A jelly (D:11)
  5 scorpions
  3 wights (D:11)
  14 killer bees (D:10)
  2 giant frog zombies (D:11)
  6 crimson imps
  A centaur zombie (D:11)
  7 hounds
  3 giant frog skeletons
  3 orc priests
  A gnoll shaman (D:8)
  8 orc wizards
  An iguana (D:9)
  10 worker ants
  2 hound skeletons
  3 gnolls (D:8)
  14 adders
  A worker ant zombie (D:9)
  2 river rats (Sewer)
  3 shadow imps (D:8)
  5 oozes
  4 worms
  4 giant geckos
  27 orcs
  2 ball pythons
  3 giant cockroaches
  12 hobgoblins
  7 kobolds (Sewer)
  4 quokkas
  A ball python zombie (D:6)
  6 bats
  6 giant newts
  6 goblins
  A quokka skeleton (D:4)
  A quokka zombie (D:5)
  12 rats
  A spectral orc (D:4)
258 creatures vanquished.

Vanquished Creatures (collateral kills)
  A hydra (D:11)
  An electric eel (D:11)
  An orc wizard (D:11)
3 creatures vanquished.

Grand Total: 261 creatures vanquished

Notes
Turn   | Place    | Note
--------------------------------------------------------------
     0 | D:1      | Ordo the Demonspawn Wanderer began the quest for the Orb.
     0 | D:1      | Ordo set off with: a +2 falchion, a potion of lignification, a potion of curing, a +0 robe, a bread ration
     0 | D:1      | Reached XP level 1. HP: 21/21 MP: 1/1
   314 | D:1      | Gained mutation: You have large cloven feet. [demonic ancestry]
   314 | D:1      | Reached XP level 2. HP: 14/27 MP: 2/2
  1210 | D:2      | Reached XP level 3. HP: 30/34 MP: 3/3
  1253 | D:2      | Found a white marble altar of Elyvilon.
  1340 | D:2      | Reached skill level 6 in Fighting
  2091 | D:3      | Gained mutation: You are partially covered in iridescent scales (AC +4). [demonic ancestry]
  2091 | D:3      | Reached XP level 4. HP: 39/41 MP: 4/4
  2092 | D:3      | Found a blossoming altar of Fedhas.
  2092 | D:3      | Found a radiant altar of Vehumet.
  2099 | D:3      | Found a shadowy altar of Dithmenos.
  2099 | D:3      | Found a snail-covered altar of Cheibriados.
  2100 | D:3      | Found an iron altar of Okawaru.
  2119 | D:3      | Became a worshipper of Warmaster Okawaru
  2138 | D:3      | Reached skill level 7 in Fighting
  2138 | D:3      | Gained mutation: You are mostly covered in iridescent scales (AC +6). [demonic ancestry]
  2138 | D:3      | Reached XP level 5. HP: 22/48 MP: 5/5
  2800 | D:3      | Found a deep blue altar of Sif Muna.
  2801 | D:3      | Found a shattered altar of Ashenzari.
  3528 | D:4      | Noticed a slave
  3530 | D:4      | Noticed a slave
  3530 | D:4      | Noticed Pikel
  3530 | D:4      | Noticed a slave
  3531 | D:4      | Noticed a slave
  3545 | D:4      | Gained mutation: You are weak. (Str -2) [potion of mutation]
  3545 | D:4      | Gained mutation: You are agile. (Dex +2) [potion of mutation]
  3545 | D:4      | Gained mutation: Your system is resistant to poisons. [potion of mutation]
  3558 | D:4      | Killed a slave
  3564 | D:4      | Gained mutation: You have hoof-like feet. [demonic ancestry]
  3564 | D:4      | Reached XP level 6. HP: 49/56 MP: 6/6
  3573 | D:4      | Killed a slave
  3612 | D:4      | Killed Pikel
  3612 | D:4      | Reached * piety under Okawaru
  3612 | D:4      | Reached skill level 9 in Fighting
  3612 | D:4      | Gained mutation: You regenerate a little health from kills. [demonic ancestry]
  3612 | D:4      | Reached XP level 7. HP: 52/65 MP: 7/7
  3802 | D:4      | Found a basalt altar of Yredelemnul.
  3892 | D:5      | Entered Level 5 of the Dungeon
  3934 | D:5      | Found a glowing drain.
  3962 | Sewer    | Entered a sewer
  4006 | Sewer    | Reached skill level 10 in Fighting
  4314 | Sewer    | Reached ** piety under Okawaru
  4465 | Sewer    | Reached XP level 8. HP: 67/74 MP: 8/8
  4801 | D:5      | Found a shadowy altar of Dithmenos.
  5008 | D:5      | Noticed a wyvern
  5021 | D:5      | Killed a wyvern
  5099 | D:5      | Noticed Menkaure
  5122 | D:5      | Killed Menkaure
  5336 | D:6      | Reached skill level 5 in Axes
  5342 | D:6      | Gained mutation: You are very weak. (Str -4) [mutagenic meat]
  5343 | D:6      | Lost mutation: You are very weak. (Str -4) [mutagenic meat]
  5344 | D:6      | Gained mutation: Your mind is acute. (Int +2) [mutagenic meat]
  5905 | D:6      | Reached *** piety under Okawaru
  5958 | D:7      | Found a stormy altar of Qazlal.
  6066 | D:7      | Found a staircase to the Ecumenical Temple.
  6126 | D:7      | Reached XP level 9. HP: 76/79 MP: 9/9
  6237 | D:7      | Found an opulent altar of Gozag.
  6317 | D:7      | Got a pair of ancient boots
  6323 | D:7      | Identified the +5 pair of boots "Purielly" {MR++} (You found it on level 7 of the Dungeon)
  6834 | D:8      | Found a shimmering altar of Xom.
  7227 | D:8      | Noticed Psyche
  7638 | D:9      | Reached **** piety under Okawaru
  7776 | D:9      | Reached skill level 10 in Axes
  7776 | D:9      | Reached XP level 10. HP: 39/86 MP: 10/10
  8389 | D:10     | Entered Level 10 of the Dungeon
  8396 | D:10     | Reached ***** piety under Okawaru
  8487 | D:10     | Reached skill level 11 in Axes
  8492 | D:10     | Received a gift from Okawaru
  8729 | D:10     | Noticed a centaur warrior
  8730 | D:10     | Noticed a brown ugly thing
  8774 | D:10     | Found a staircase to the Orcish Mines.
  8818 | D:10     | Reached skill level 12 in Axes
  8911 | D:10     | Gained mutation: A weak demonic guardian rushes to your aid. [demonic ancestry]
  8911 | D:10     | Reached XP level 11. HP: 71/92 MP: 11/11
  9493 | D:11     | Noticed an eight-headed hydra
  9498 | D:11     | Killed an eight-headed hydra
  9498 | D:11     | Reached skill level 13 in Axes
  9638 | D:11     | Found a staircase to the Lair.
  9975 | D:11     | Noticed a hill giant
  9994 | D:11     | Killed a hill giant
 10047 | D:11     | Found Tara Lit's Food Boutique.
 10510 | D:11     | Reached skill level 14 in Axes
 10523 | D:11     | Noticed a hill giant
 10529 | D:11     | Noticed a hill giant
 10530 | D:11     | Mangled by a hill giant

Vault maps used:
D:1:      roderic_dead_forest
D:2:      elyvilon_altar_5
D:3:      grunt_temple_overflow_open, gammafunk_temple_overflow_statue,
          kennysheep_pointless_box
D:4:      yredelemnul_forgotten_temple_becter, uniq_pikel
D:5:      first_bread, portal_sewer_entry_d, grunt_dithmenos_smoke,
          uniq_menkaure
D:6:      serial_bayou_pond_d
D:7:      grunt_qazlal_sundering, old_standard_altar,
          minmay_temple_entry_overgrown
D:8:      lemuel_round_altar, uniq_psyche
D:9:      grunt_ogre_cave
D:10:     orc_0_dummy, minivault_12
D:11:     giant_chief_lemuel, minmay_lair_entry_lava, serial_shops,
          nicolae_shop_waterfront, grunt_decor_clamped
Sewer:    sewer_co_tree

Action                   |  1- 3 |  4- 6 |  7- 9 | 10-12 || total
-------------------------+-------+-------+-------+-------++-------
Melee: Falchion          |   110 |   179 |   279 |       ||   568
       Hand axe          |       |       |   150 |       ||   150
       War axe           |       |       |   216 |   475 ||   691
       Battleaxe         |       |       |       |    36 ||    36
 Fire: Blowgun           |       |       |     9 |       ||     9
Invok: Heroism           |       |       |     1 |     3 ||     4
Evoke: Wand              |       |       |     1 |     3 ||     4
       Deck              |       |       |       |     1 ||     1
  Use: Potion            |       |    15 |     3 |       ||    18
       Scroll            |       |       |    16 |     2 ||    18
  Eat: Chunk             |     3 |     5 |    16 |    10 ||    34
       Bread ration      |       |       |     2 |       ||     2
